 Dungeon Crawl Stone Soup version 0.17-a0-2127-g1cb09f6 (webtiles) character file.

28 Ordine the Magician (level 2, -2/19 HPs)
             Began as a Mummy Wizard on Oct 22, 2015.
             Slain by a hobgoblin (3 damage)
             ... on level 1 of the Dungeon.
             The game lasted 00:06:20 (1350 turns).

Ordine the Magician (Mummy Wizard)                  Turns: 1350, Time: 00:06:20

Health: -2/19      AC:  2    Str: 10    XL:     2   Next: 96%
Magic:  0/6        EV: 12    Int: 17    God:
Gold:   56         SH:  0    Dex: 10    Spells: 2 memorised, 4 levels left

rFire  x . .     SeeInvis .     d - +0 dagger
rCold  + . .     Clarity  .     a - +0 robe
rNeg   + + +     SustAt   .     (no shield)
rPois  ∞         Gourm    .     b - +0 hat
rElec  .         Spirit   .     (no cloak)
rCorr  .         Warding  .     (no gloves)
rMut   .         Stasis   .     (no boots)
MR     .....                    (no amulet)
Stlth  ++........               (no ring)
                                (no ring)

@: not resistant to hostile enchantments, unstealthy
A: no food or potions, fire vulnerability, cold resistance 1, negative energy
resistance 3, torment resistance, unbreathing
a: no special abilities


You were on level 1 of the Dungeon.
You were not hungry.

You visited 1 branch of the dungeon, and saw 1 of its levels.

You collected 56 gold pieces.

Inventory:

Hand Weapons
 d - a +0 dagger (weapon)
Missiles
 e - 50 stones (quivered)
Armour
 a - a +0 robe (worn)
 b - a +0 hat (worn)
Books
 c - a book of Minor Magic

   Spells                             Type                      Level
   a - Magic Dart                     Conjuration                  1
   b - Blink                          Translocation                2
   c - Call Imp                       Summoning                    2
   d - Repel Missiles                 Charms/Air                   2
   e - Slow                           Hexes                        2
   f - Conjure Flame                  Conjuration/Fire             3
   g - Mephitic Cloud                 Conjuration/Poison/Air       3


   Skills:
 - Level 1.5 Dodging
 - Level 1.5 Stealth
 - Level 3.0 Spellcasting
 + Level 2.4 Conjurations
 - Level 0.7 Summonings
   Level 0.7 Translocations


You had 4 spell levels left.
You knew the following spells:

 Your Spells              Type           Power        Failure   Level  Hunger
a - Magic Dart            Conj           ##..         10%         1    N/A
b - Call Imp              Summ           #.......     24%         2    N/A

Dungeon Overview and Level Annotations

Branches:
Dungeon (1/15)

Altars:


Innate Abilities, Weirdness & Mutations

You do not eat or drink.
Your flesh is vulnerable to fire.
You are immune to poison.
Your flesh is cold resistant.
You are immune to negative energy.
You are immune to unholy pain and torment.
You can survive without breathing.


Message History

Casting: Call Imp
Confirm with . or Enter, or press ? or * to list all spells.
You don't have enough magic to cast that spell.
Casting: Call Imp
Confirm with . or Enter, or press ? or * to list all spells.
Aiming: Magic Dart
Press: ? - help, Shift-Dir - straight line, f - hobgoblin, p - worker ant zombie
Aim: a hobgoblin The magic dart hits the hobgoblin.
The hobgoblin is moderately wounded.
The worker ant zombie bites your white imp.
The hobgoblin misses you. The rat bites you.
* * * LOW HITPOINT WARNING * * *
Your white imp gestures at the worker ant zombie.
The puff of frost hits the worker ant zombie.
The worker ant zombie resists.
The worker ant zombie is destroyed!
The hobgoblin hits you but does no damage.
The hobgoblin hits you.
You die...

###### ##### #....# #....
#....##################....
#....[........5.......'....
#....#.......##########....
#....#..#..### #....
#.####.#.r#..# ########....
#.# #.#..g..#............#
#.# #.###@###............#
#.####.......#............#
#>...##.#'#..#............#
#.##.##)#..#.#............#
#.##.#..#..#.#............#
#....#.###.#.#............#
####.#.......# ######.##.##
#.##......# #####.##.##
#.####'#### #..........


You could see a hobgoblin and a rat.

Vanquished Creatures
  A giant gecko (D:1)
  4 giant cockroaches (D:1)
  3 hobgoblins (D:1)
  A bat (D:1)
  A giant newt (D:1)
  2 goblins (D:1)
  4 kobolds (D:1)
  3 rats (D:1)
19 creatures vanquished.

Vanquished Creatures (collateral kills)
  A worker ant zombie (D:1)
1 creature vanquished.

Grand Total: 20 creatures vanquished

Notes
Turn   | Place    | Note
--------------------------------------------------------------
     0 | D:1      | Ordine the Mummy Wizard began the quest for the Orb.
     0 | D:1      | Reached XP level 1. HP: 13/13 MP: 4/4
    82 | D:1      | Reached skill level 1 in Conjurations
   594 | D:1      | Reached XP level 2. HP: 19/19 MP: 4/6
   598 | D:1      | Learned a level 2 spell: Call Imp
  1350 | D:1      | Slain by a hobgoblin

Vault maps used:
D:1:      dpeg_arrival_erosion, kennysheep_nondescript

Action                   || total
-------------------------++-------
Melee: Dagger            ||    35
 Cast: Magic Dart        ||    46
       Call Imp          ||     2
  Use: Scroll            ||     3
